 Dungeon Crawl Stone Soup version 0.28.0-43-g3370ac3207 (webtiles) character file.

Game seed: 5803294802271374740

132048 croobank the Executioner (level 17, -7/161 HPs)
             Began as a Hill Orc Fighter on Mar 13, 2022.
             Was a High Priest of Beogh.
             Mangled by a spark wasp (16 damage)
             ... on level 4 of the Spider Nest.
             The game lasted 02:49:15 (30541 turns).

croobank the Executioner (Hill Orc Fighter)        Turns: 30541, Time: 02:49:16

Health: -7/161     AC: 32    Str: 34    XL:     17   Next: 11%
Magic:  28/28      EV:  9    Int: 10    God:    Beogh [*****.]
Gold:   683        SH:  0    Dex: 10    Spells: 16/16 levels left

rFire   + . .      SeeInvis +   a - +3 executioner's axe (venom)
rCold   . . .      Faith    .   (shield currently unavailable)
rNeg    . . .      Spirit   .   p - +5 plate armour of Ashenzari's Approval {-Cast rF+ SInv}
rPois   +          Reflect  .   Z - +2 helmet
rElec   .          Harm     .   Q - +1 cloak
rCorr   .          Rampage  .   s - +2 pair of gloves
Will    +....      NoCast   +   (no boots)
Stlth   ..........              B - amulet of regeneration
HPRegen 1.16/turn               R - +9 ring of strength
MPRegen 0.21/turn               x - ring of poison resistance

@: no status effects
A: walk on water
a: Renounce Religion, Smiting, Recall Orcish Followers, Give Item to Named
Follower


You were on level 4 of the Spider Nest.
You worshipped Beogh.
Beogh was extremely pleased with you.
You visited 5 branches of the dungeon, and saw 25 of its levels.
You visited 1 bazaar.
You also visited: Sewer, Bailey and Ice Cave.

You collected 3271 gold pieces.
You spent 2588 gold pieces at shops.

Inventory:

Hand Weapons
 a - a +3 executioner's axe of venom (weapon)
 b - a +1 longbow of flaming
 c - a +2 great mace of holy wrath
 d - a +3 dire flail of freezing
 e - a +1 long sword of flaming
 h - a +4 battleaxe of venom
 m - a +4 battleaxe of electrocution
 o - a +0 quick blade of flaming
 G - a +4 battleaxe of distortion
 O - a +2 broad axe of flaming
Missiles
 k - 2 silver javelins
 u - 514 arrows
 y - 13 boomerangs (quivered)
 X - 3 silver boomerangs
Armour
 p - the +5 plate armour of Ashenzari's Approval (worn) {-Cast rF+ SInv}
   (You bought it in a shop in a bazaar)

   rF:        It protects you from fire.
   SInv:      It lets you see invisible.
   -Cast:     It prevents spellcasting.
 s - a +2 pair of gloves (worn)
 C - +0 pearl dragon scales
 Q - a +1 cloak (worn)
 Z - a +2 helmet (worn)
Jewellery
 n - a +4 ring of protection
 x - a ring of poison resistance (right hand)
 B - an amulet of regeneration (around neck)
 L - a ring of protection from fire
 R - a +9 ring of strength (left hand)
 W - an amulet of faith
Wands
 j - a wand of charming (14)
 l - a wand of acid (8)
 z - a wand of flame (12)
 I - a wand of paralysis (12)
 P - a wand of digging (15)
 V - a wand of iceblast (25)
Scrolls
 i - 2 scrolls of fear
 q - a scroll of fog
 t - 8 scrolls of teleportation
 F - 3 scrolls of immolation
 H - a scroll of summoning
 J - a scroll of blinking
 S - a scroll of holy word
 T - 11 scrolls of identify
 Y - 3 scrolls of magic mapping
Potions
 f - a potion of invisibility
 g - 12 potions of flight
 r - 3 potions of curing
 v - 4 potions of brilliance
 w - a potion of cancellation
 D - a potion of resistance
 E - 3 potions of magic
 K - a potion of might
 M - 4 potions of lignification
 U - 4 potions of ambrosia
Miscellaneous
 A - a phantom mirror
 N - a condenser vane


   Skills:
 + Level 17.1 Fighting
 + Level 21.9 Axes
 + Level 15.8 Armour
 + Level 15.7 Shields
 + Level 15.4 Invocations


You had 16 spell levels left.
You didn't know any spells.
Your spell library contained the following spells:

 Spells                   Type           Power      Damage    Failure   Level
 Animate Skeleton         Necr           0%         N/A       86%         1
 Foxfire                  Conj/Fire      0%         2x1d4     86%         1
 Freeze                   Ice            0%         1d3       86%         1
 Pain                     Necr           0%         1d4       86%         1
 Slow                     Hex            0%         N/A       86%         1
 Blink                    Tloc           0%         N/A       94%         2
 Corpse Rot               Necr/Air       0%         N/A       94%         2
 Ensorcelled Hibernation  Hex/Ice        0%         N/A       94%         2
 Poisonous Vapours        Pois/Air       0%         N/A       94%         2
 Confusing Touch          Hex            0%         N/A       99%         3
 Conjure Flame            Conj/Fire      0%         6-21      99%         3
 Dazzling Flash           Conj/Hex       0%         N/A       99%         3
 Frozen Ramparts          Ice            0%         1d2       99%         3
 Inner Flame              Hex/Fire       0%         N/A       99%         3
 Vampiric Draining        Necr           0%         2d6       99%         3
 Cause Fear               Hex            0%         N/A       100%        4
 Flame Wave               Conj/Fire      0%         2d4       100%        4
 Fulminant Prism          Conj/Hex       0%         3d6       100%        4
 Hailstorm                Conj/Ice       0%         3d3       100%        4
 Leda's Liquefaction      Hex/Erth       0%         N/A       100%        4
 Agony                    Necr           0%         N/A       100%        5
 Fireball                 Conj/Fire      0%         3d3       100%        5
 Lee's Rapid Deconstruct  Erth           0%         3d5*      100%        5
 Manifold Assault         Tloc           0%         N/A       100%        5
 Silence                  Hex/Air        0%         N/A       100%        5
 Starburst                Conj/Fire      0%         6d3       100%        6
 Statue Form              Tmut/Erth      0%         N/A       100%        6
 Storm Form               Tmut/Air       0%         N/A       100%        7
 Discord                  Hex            0%         N/A       100%        8
 Ignition                 Fire           0%         3d3       100%        8


Dungeon Overview and Level Annotations

Branches:
Dungeon (11/15)            Temple (0/1) D:5            Lair (6/6) D:10
  Swamp (0/4) Lair:3       Spider (4/4) Lair:4        Slime (0/5) Lair:5
    Orc (2/2) D:10            Elf (2/3) Orc:2         Sewer (visited)
 Bailey (visited)           IceCv (visited)

Altars:
Wu Jian
Beogh
Jiyva
Lugonu

Shops:
D:1 [   D:5 *   Orc:2 ([!=[   Elf:1 =

Portals:
Abyss: Lair:6

Annotations:
D:10 exclusion: obsidian statue
Lair:1 2 transporters
Lair:3 3 runed translucent doors, Xiemaice's ghost, journeyman DrFE
Spider:3 1 runed translucent door, WindUpCitrus's ghost, adept TrFi


Message History

The orb spider weaves a glowing orb of energy.
Horkud shoots a bolt.
The bolt hits the orb spider!
The spark wasp moves out of view.
You hear an angry buzzing noise. x2
An orb of destruction comes into view.
A steelbarb worm and a spark wasp come into view.
The spark wasp buzzes angrily.
The spark wasp bursts into living lightning!
The living lightning hits you!
The spark wasp blinks! x2
The wavering orb of destruction hits you!!
A wolf spider comes into view.
The spark wasp stings you. The spark wasp shocks you!
You hear an angry hiss.
Okay, then.
Okay, then.
Unknown command.
The spark wasp bursts into living lightning!
The living lightning hits you!
The spark wasp blinks!
The orb spider spins a strand of pure energy.
Horkud shoots a bolt.
The bolt hits the orb spider!!!
The orb spider dies!
Beogh accepts your kill.
The spark wasp stings you but does no damage.
The spark wasp barely misses you. The spark wasp stings you!
The spark wasp shocks you!
Horkud unwields a +2 triple crossbow.
Horkud wields a +5 vorpal battleaxe.
Horkud hits the spark wasp with a +5 vorpal battleaxe!
Horkud barely misses the spark wasp.
Really read the scroll of immolation?
As you read the scroll of immolation, it crumbles to dust.
The creatures around you are filled with an inner flame!
The spark wasp stings you! The spark wasp shocks you!
* * * LOW HITPOINT WARNING * * *
The spark wasp stings you!!
* * * LOW HITPOINT WARNING * * *
The spark wasp shocks you!
* * * LOW HITPOINT WARNING * * *
A jorogumo comes into view.
The spark wasp stings you!
You die...

##...≈≈≈## §. #≈≈≈...
##≈..††≈≈≈## Hs ##≈≈≈≈...
#^.^††≈≈≈≈≈###^###≈≈≈≈≈..#
#≈#^^.≈≈≈≈≈≈≈≈w≈≈≈≈≈≈≈s^#
#^......≈≈≈≈≈^.#≈≈≈≈≈...##
.#^.....≈≈≈≈≈≈#.≈≈≈≈....^^#
#............#≈^≈.#†......≈
.............^≈^.y.°^#.....
#.........^.#...@.o.?..#
#..............†.y†..#...≈#
^.#.#^...........#.....^^##
.≈.≈^...#......).......^##
.###^..........^#.....^##
##≈.^####^^#^≈≈####≈# #####
######## ##


You could see a jorogumo, a steelbarb worm (inner flame), 2 spark wasps, a wolf
spider, a tarantella (inner flame) and the friendly Horkud the orc warlord
(inner flame).

Vanquished Creatures
  2 entropy weavers
  A spark wasp (Spider:4)
  4 hydras
  2 boulder beetles
  A jorogumo (Spider:2)
  A centaur warrior (D:9)
  4 death yaks
  13 dancing weapons
  An orc high priest (Orc:2)
  8 deep elf knights
  4 steelbarb worms
  4 orb spiders (Spider:4)
  A deep elf archer (Elf:2)
  9 deep elf zephyrmancers
  2 lindwurms
  Pikel (D:8)
  2 orc knights (Bailey)
  An ugly thing (D:7)
  12 wolf spiders
  5 deep elf pyromancers
  An orc sorcerer (Orc:1)
  4 moths of wrath
  A black mamba (Lair:4)
  6 elephants
  An ice statue (IceCv)
  3 cane toads (Lair:6)
  A torpor snail (Spider:1)
  5 demonic crawlers
  A rime drake (Lair:1)
  A freezing wraith (IceCv)
  3 komodo dragons
  An ancient zyme (Lair:6)
  5 trolls
  A hornet (D:9)
  6 meliai
  A queen bee (Spider:1)
  3 polar bears (D:11)
  6 tarantellas
  Prince Ribbit (D:6)
  16 blink frogs
  10 dream sheep
  5 jumping spiders
  A vampire (D:11)
  11 culicivoras
  2 shadows
  A ynoxinul (Lair:6)
  26 yaks
  3 air elementals
  A wraith (D:10)
  A wyvern (D:9)
  A basilisk (Lair:3)
  2 fire elementals (Elf:2)
  34 redbacks
  A vampire mosquito (Spider:1)
  A death yak simulacrum (IceCv)
  A redback (shapeshifter) (Elf:2)
  A swamp worm (Lair:3)
  2 wargs (Orc:1)
  An acid dragon (D:11)
  7 water moccasins
  3 hell hounds (Elf:2)
  5 small abominations (Lair:6)
  6 orc warriors
  4 black bears
  A hornet zombie (D:8)
  A sky beast (D:8)
  8 ogres
  6 wolves
  7 centaurs
  4 phantoms
  3 kobold brigands (Sewer)
  Blork the orc (D:5)
  6 bullfrogs
  4 scorpions
  A wyvern zombie (D:6)
  2 gnoll sergeants
  A cane toad simulacrum (IceCv)
  3 earth elementals
  2 wyvern skeletons
  3 killer bees (Spider:1)
  3 howler monkeys
  10 wights
  An electric eel (Lair:1)
  5 centaur zombies
  A hound (D:5)
  A jelly (D:7)
  3 orc priests
  3 centaur skeletons
  A gnoll shaman (D:6)
  A scorpion zombie (D:5)
  Terence (D:2)
  5 orc wizards
  2 polar bear simulacra (IceCv)
  2 wolf simulacra (IceCv)
  A killer bee zombie (D:7)
  2 hound skeletons (D:4)
  A howler monkey zombie (D:6)
  24 gnolls
  10 adders
  A river rat (Sewer)
  2 white imps (D:7)
  An ufetubus (D:4)
  5 worms
  6 dart slugs
  10 orcs
  14 ball pythons
  7 bats
  10 endoplasms
  10 giant cockroaches
  9 goblins
  7 hobgoblins
  5 jackals
  21 kobolds
  5 quokkas
  3 frilled lizards
  4 rats
  A butterfly (Lair:4)
526 creatures vanquished.

Vanquished Creatures (collateral kills)
  Arachne (Spider:2)
  Rupert (Lair:4)
  A deep elf blademaster (Elf:2)
  Kirke (Lair:4)
  5 emperor scorpions
  An orc warlord (Orc:1)
  A deep elf elementalist (Elf:2)
  A broodmother (Spider:4)
  Nessos (Lair:5)
  Azrael (Elf:2)
  A spark wasp (Spider:2)
  2 entropy weavers
  Snorg (Lair:6)
  A deep elf death mage (Elf:1)
  A boulder beetle (Spider:1)
  An ice dragon (D:11)
  4 hydras
  A catoblepas (Lair:2)
  A radroach (Spider:4)
  7 death yaks
  11 dancing weapons
  2 two-headed ogres
  3 thrashing horrors (Lair:6)
  An orc high priest (Orc:2)
  3 deep elf knights
  7 orb spiders
  3 steelbarb worms
  6 deep elf archers
  8 deep elf pyromancers
  3 orc knights (Orc:2)
  An oklob plant (Lair:4)
  15 deep elf zephyrmancers
  2 ugly things (Lair:6)
  A large abomination (Lair:6)
  2 orc sorcerers
  9 elephants
  2 black mambas
  2 smoke demons (Lair:6)
  2 cane toads
  A torpor snail (Spider:1)
  3 rime drakes
  4 demonic crawlers
  10 komodo dragons
  A troll (Orc:1)
  2 ancient zymes (Lair:6)
  A meliai (Spider:3)
  2 polar bears
  11 tarantellas
  2 tyrant leeches (Lair:3)
  A tarantella (shapeshifter) (Lair:6)
  16 blink frogs
  A dream sheep (shapeshifter) (Lair:6)
  7 dream sheep
  2 water elementals
  A wraith (D:11)
  3 air elementals (Elf:1)
  8 jumping spiders
  33 yaks
  7 culicivoras
  A spriggan (Lair:6)
  2 fire elementals
  2 hogs (Lair:4)
  4 basilisks
  A golden eye (shapeshifter) (Lair:6)
  19 redbacks
  A vampire mosquito (Spider:1)
  A warg (Orc:2)
  A hell hound (Elf:2)
  11 water moccasins
  2 black bears
  7 orc warriors
  A black bear (shapeshifter) (Lair:6)
  16 wolves
  2 ogres (Orc:2)
  A centaur (D:11)
  A scorpion (Lair:4)
  5 bullfrogs
  An earth elemental (Elf:1)
  13 killer bees (Spider:1)
  7 small abominations (Lair:6)
  A gnoll shaman (Orc:1)
  3 orc priests
  8 orc wizards
  3 gnolls (Orc:1)
  A worm (Lair:4)
  5 orcs
  A giant cockroach (Lair:4)
  A butterfly (Lair:4)
355 creatures vanquished.

Vanquished Creatures (others)
  An orc high priest (Elf:2)
  3 orc sorcerers (Orc:2)
  2 orc knights (Orc:2)
  A wolf spider (Spider:4)
  A human (Lair:4)
  A small abomination (Lair:6)
  10 orc warriors
  4 orc priests
  5 orc wizards
  19 orcs
  50 fungi
  80 plants
177 creatures vanquished.

Grand Total: 1058 creatures vanquished

Notes
Turn   | Place    | Note
-------+----------+-------------------------------------------
     0 | D:1      | croobank the Hill Orc Fighter began the quest for the Orb.
     0 | D:1      | Reached XP level 1. HP: 19/19 MP: 1/1
   228 | D:1      | Found Yluoloaq's Antique Armour Shoppe.
   232 | D:1      | Reached XP level 2. HP: 27/27 MP: 2/2
   333 | D:1      | Reached skill level 3 in Axes
   704 | D:1      | Reached XP level 3. HP: 33/33 MP: 3/3
   734 | D:1      | Found a faded altar of an unknown god.
   906 | D:2      | Noticed Terence
   923 | D:2      | Killed Terence
  1013 | D:2      | Reached XP level 4. HP: 38/40 MP: 4/4
  1399 | D:2      | Reached skill level 4 in Axes
  1635 | D:2      | Reached XP level 5. HP: 47/47 MP: 5/5
  3653 | D:4      | Reached skill level 5 in Fighting
  3653 | D:4      | Reached XP level 6. HP: 54/56 MP: 6/6
  3705 | D:4      | Found an ornate altar of the Wu Jian Council.
  3898 | D:4      | Reached skill level 5 in Axes
  4153 | D:4      | Reached skill level 5 in Shields
  4170 | D:4      | Reached skill level 5 in Armour
  4248 | D:4      | Became a worshipper of Beogh the Brigand
  4359 | D:4      | Reached XP level 7. HP: 61/61 MP: 7/7
  4869 | D:5      | Entered Level 5 of the Dungeon
  5171 | D:5      | Reached skill level 6 in Axes
  5249 | D:5      | Reached XP level 8. HP: 69/70 MP: 8/8
  5289 | D:5      | Found a staircase to the Ecumenical Temple.
  5448 | D:5      | Found a glowing drain.
  5478 | Sewer    | Entered a sewer
  5634 | Sewer    | Reached * piety under Beogh
  6739 | D:5      | Noticed Blork the orc
  6761 | D:5      | Reached skill level 7 in Axes
  6766 | D:5      | Killed Blork the orc
  6803 | D:5      | Found Gicuideng's Overcharged Wands.
  7287 | D:6      | Noticed a shadow
  7309 | D:6      | Killed a shadow
  7314 | D:6      | Reached XP level 9. HP: 42/79 MP: 9/9
  7754 | D:6      | Identified a scroll of acquirement
  7754 | D:6      | Acquired the +2 kite shield "Zovis" {Regen+ Str+4}
  7836 | D:6      | Noticed a two-headed ogre
  7904 | D:6      | Noticed Prince Ribbit
  7913 | D:6      | Reached skill level 8 in Axes
  7919 | D:6      | Killed Prince Ribbit
  7965 | D:6      | Reached ** piety under Beogh
  8273 | D:7      | Noticed a green ugly thing
  8287 | D:7      | Killed a green ugly thing
  8288 | D:7      | Reached skill level 9 in Axes
  8402 | D:7      | Found a flagged portal.
  8452 | Bailey   | Entered a bailey
  8464 | Bailey   | Noticed an orc knight
  8465 | Bailey   | Noticed an orc knight
  8507 | Bailey   | Killed an orc knight
  8508 | Bailey   | Reached XP level 10. HP: 77/91 MP: 10/10
  8517 | Bailey   | Killed an orc knight
  8578 | Bailey   | Reached skill level 10 in Axes
  9315 | D:8      | Reached *** piety under Beogh
  9637 | D:8      | Reached skill level 10 in Fighting
  9759 | D:8      | Noticed Pikel
  9769 | D:8      | Killed Pikel
  9770 | D:8      | Reached skill level 1 in Invocations
  9931 | D:9      | Identified the +4 scimitar of Ythilae {vorpal, rElec}
 10357 | D:9      | Reached XP level 11. HP: 101/101 MP: 11/13
 10359 | D:9      | Reached skill level 11 in Axes
 10391 | D:9      | Noticed a centaur warrior
 10416 | D:9      | Killed a centaur warrior
 10523 | D:9      | Reached **** piety under Beogh
 10893 | D:10     | Entered Level 10 of the Dungeon
 10904 | D:10     | Found a staircase to the Orcish Mines.
 10977 | D:10     | Found a staircase to the Lair.
 11000 | D:10     | Gained Zorug as an ally
 11432 | D:10     | Reached skill level 10 in Shields
 11586 | D:10     | Reached skill level 10 in Armour
 11730 | D:10     | Noticed an obsidian statue
 11942 | D:11     | Reached skill level 5 in Invocations
 12080 | D:11     | Noticed a boulder beetle
 12098 | D:11     | Killed a boulder beetle
 12183 | D:11     | Noticed a two-headed ogre
 12189 | D:11     | Killed a two-headed ogre
 12190 | D:11     | Reached skill level 12 in Axes
 12229 | D:11     | Found a frozen archway.
 12241 | D:11     | Noticed an ice dragon
 12267 | D:11     | Killed an ice dragon
 12328 | IceCv    | Entered an ice cave
 12335 | IceCv    | Reached ***** piety under Beogh
 12363 | IceCv    | Reached XP level 12. HP: 110/110 MP: 10/16
 13044 | Orc:1    | Entered Level 1 of the Orcish Mines
 13098 | Orc:1    | Found a roughly hewn altar of Beogh.
 13251 | Orc:2    | Entered Level 2 of the Orcish Mines
 13254 | Orc:2    | Found a staircase to the Elven Halls.
 13266 | Orc:2    | Noticed a two-headed ogre
 13275 | Orc:2    | Killed a two-headed ogre
 13386 | Orc:2    | Found a roughly hewn altar of Beogh.
 13406 | Orc:2    | Found Guhahit's Antique Weapon Boutique.
 13572 | Orc:2    | Gained Learuk as an ally
 13579 | Orc:2    | Noticed an orc high priest
 13580 | Orc:2    | Noticed an orc high priest
 13584 | Orc:2    | Your ally Zorug died
 13586 | Orc:2    | Noticed an orc high priest
 13589 | Orc:2    | Killed an orc high priest
 13594 | Orc:2    | Your ally Learuk died
 13598 | Orc:2    | Noticed a soul eater
 13602 | Orc:2    | Noticed a soul eater
 13672 | Orc:1    | Noticed an orc warlord
 13784 | Lair:1   | Entered Level 1 of the Lair of Beasts
 13896 | Lair:1   | Found a transporter.
 13936 | Lair:1   | Reached skill level 13 in Axes
 14240 | Lair:1   | Found a transporter.
 14816 | Lair:2   | Acquired a manual of Axes
 14919 | Lair:2   | Gained Horkud as an ally
 15078 | Lair:2   | Noticed a catoblepas
 15090 | Lair:2   | Killed a catoblepas
 15143 | Lair:2   | Reached XP level 13. HP: 119/119 MP: 19/19
 15426 | Lair:3   | Found a runed translucent gate.
 15426 | Lair:3   | Found a runed translucent gate.
 15426 | Lair:3   | Found a runed translucent gate.
 15428 | Lair:3   | Noticed Xiemaice's ghost (journeyman DrFE)
 15548 | Lair:3   | Reached ****** piety under Beogh
 15549 | Lair:3   | Reached skill level 14 in Axes
 16371 | Lair:3   | Reached skill level 15 in Axes
 16477 | Lair:3   | Found a staircase to the Swamp.
 16587 | Lair:4   | Found a hole to the Spider Nest.
 16620 | Lair:4   | Reached skill level 10 in Invocations
 16887 | Lair:4   | Noticed Kirke
 16900 | Lair:4   | Killed Kirke
 17953 | Lair:4   | Reached skill level 16 in Axes
 18001 | Lair:4   | Noticed Rupert
 18003 | Lair:4   | Paralysed by Rupert for 3 turns
 18006 | Lair:4   | Killed Rupert
 18007 | Lair:4   | Reached XP level 14. HP: 123/130 MP: 18/22
 18489 | Lair:5   | Found a viscous altar of Jiyva.
 18490 | Lair:5   | Found a staircase to the Slime Pits.
 18931 | Lair:5   | Noticed Nessos
 18936 | Lair:5   | Killed Nessos
 19504 | Lair:6   | Entered Level 6 of the Lair of Beasts
 19504 | Lair:6   | Noticed Snorg
 19511 | Lair:6   | Killed Snorg
 20375 | Lair:6   | Reached skill level 17 in Axes
 21195 | Lair:6   | Identified the +2 leather armour of the Valley of Death
                  | {Contam Rampage rElec SInv}
 22318 | Lair:6   | Found a corrupted altar of Lugonu.
 22318 | Lair:6   | Found a one-way gate to the infinite horrors of the Abyss.
 23149 | Orc:2    | Found Yfius's Antique Armour Shoppe.
 23149 | Orc:2    | Found Wayssos's Armour Shop.
 23151 | Orc:2    | Found Geruox's Jewellery Shoppe.
 23151 | Orc:2    | Found Niablaof's Distillery.
 23175 | Orc:2    | Bought a potion of might for 68 gold pieces
 23175 | Orc:2    | Bought a potion of curing for 51 gold pieces
 23175 | Orc:2    | Bought a potion of heal wounds for 85 gold pieces
 23175 | Orc:2    | Bought a potion of curing for 51 gold pieces
 23175 | Orc:2    | Bought a potion of curing for 51 gold pieces
 23440 | Orc:1    | Killed an orc warlord
 23441 | Orc:1    | Reached skill level 18 in Axes
 23714 | Elf:1    | Entered Level 1 of the Elven Halls
 23717 | Elf:1    | Paralysed by an air elemental for 1 turns
 23839 | Elf:1    | Reached XP level 15. HP: 112/139 MP: 24/24
 23898 | Elf:1    | Reached skill level 15 in Fighting
 23916 | Elf:1    | Got Sif Muna's Papyrus of Frigorific Execration
 24372 | Elf:1    | Paralysed by an air elemental for 1 turns
 24506 | Elf:1    | Paralysed by an air elemental for 1 turns
 24647 | Elf:1    | Reached skill level 19 in Axes
 24772 | Elf:1    | Found Rujigov's One-of-a-Kind Rings.
 24783 | Elf:1    | Bought a +9 ring of strength for 1666 gold pieces
 25338 | Elf:2    | Identified the +1 leather armour of Stained Freedom {rF+
                  | rC+ Str+4}
 25417 | Elf:2    | Noticed a deep elf elementalist
 25426 | Elf:2    | Killed a deep elf elementalist
 25763 | Elf:2    | Found a flickering gateway to a bazaar.
 25769 | Bazaar   | Entered a bazaar
 25769 | Bazaar   | Found Momoef's Jewellery Boutique.
 25778 | Bazaar   | Found Zostrion's Antique Weapon Shoppe.
 25780 | Bazaar   | Found Kuepadat's Weapon Shop.
 25796 | Bazaar   | Found Jedoif's Assorted Antiques.
 25804 | Bazaar   | Bought a polished plate armour for 616 gold pieces
 25804 | Bazaar   | Identified the +5 plate armour of Ashenzari's Approval
                  | {-Cast rF+ SInv} (You bought it in a shop in a bazaar)
 25822 | Bazaar   | Found Ququpp's Weapon Boutique.
 25889 | Elf:2    | Found a runed translucent gate.
 25890 | Elf:2    | Found a runed translucent gate.
 25890 | Elf:2    | Found a runed translucent gate.
 26030 | Elf:2    | Noticed Azrael
 26042 | Elf:2    | Killed Azrael
 26231 | Elf:2    | Reached skill level 20 in Axes
 26284 | Elf:2    | Noticed a deep elf blademaster
 26290 | Elf:2    | Reached XP level 16. HP: 140/151 MP: 20/26
 26292 | Elf:2    | Killed a deep elf blademaster
 26738 | Spider:1 | Entered Level 1 of the Spider Nest
 26988 | Spider:1 | Reached skill level 15 in Armour
 27275 | Spider:1 | Reached skill level 15 in Shields
 27864 | Spider:2 | Noticed Arachne
 27875 | Spider:2 | Killed Arachne
 28297 | Spider:2 | Reached skill level 21 in Axes
 29413 | Spider:3 | Found a runed translucent door.
 29415 | Spider:3 | Noticed WindUpCitrus's ghost (adept TrFi)
 29527 | Spider:3 | Identified the +1 chain mail of the Shoals {rF+ Str+2}
 29601 | Spider:3 | Reached skill level 15 in Invocations
 30182 | Spider:4 | Entered Level 4 of the Spider Nest
 30389 | Spider:4 | Reached XP level 17. HP: 115/160 MP: 28/28
 30541 | Spider:4 | Mangled by a spark wasp

Illustrated notes

Levels and vault maps discovered:
D:1:      tarquinn_simple_flora_water_f, layout_basic, serial_shops,
          nicolae_shop_temple_entry_statues_fountains,
          shapermc_ecumenical_altar_hornbeckon, minmay_misc_feat_rugged
D:2:      minmay_skewed_foursquare, layout_loops_ring, amethyst_killhole,
          uniq_terence
D:3:      layout_loops_ring
D:4:      layout_basic, lemuel_tele_altar, kennysheep_windowed_goal
D:5:      layout_loops_ring, minmay_temple_entry_trees, portal_sewer_entry_f,
          corexii_corridor_pit, nicolae_shop_overcharged_wands,
          uniq_blork_the_orc
D:6:      layout_loops_corners, st_stairs_7, uniq_prince_ribbit1
D:7:      layout_cave_pools, enter_bailey_6
D:8:      layout_basic, uniq_pikel
D:9:      layout_loops_corners, dk_vineyard_3
D:10:     minmay_statue_hallways, layout_stronghold,
          due_lair_maze_entry_diamond, orc_0_dummy
D:11:     layout_basic, portal_ice_cave_entry_animals_and_master
Lair:1:   gammafunk_worm_tunnel, layout_regular_city,
          nicolae_quartered_pool_medium, hangedman_lair_unloving_vines,
          infiniplex_staircase_pool_2
Lair:2:   layout_chaotic_city, serial_forest, infiniplex_forest_lined_2,
          infiniplex_forest_lined_4_way, infiniplex_forest_lined_room_3,
          infiniplex_forest_clump_double, infiniplex_forest_diagonal,
          beast_lair_carwin_11
Lair:3:   layout_gridlike, palyth_hydra_swamp_entry, gammafunk_ghost_hydra_chop,
          lemuel_fruit_tree
Lair:4:   layout_small_grid, nicolae_spider_entry_non_spiders,
          minmay_stone_trees_small, chequers_serial_rivers_room_b, st_stairs_13,
          minivault_27, patterned_corridor, grunt_megastairs_5,
          lemuel_fruit_fields, uniq_kirke, uniq_rupert
Lair:5:   layout_gridlike, slime_altar_1, uniq_nessos
Lair:6:   hellmonk_lair_end_abyssal_woods, layout_cave_pods, uniq_snorg
Spider:1: layout_spider_delve, special_room [special_room_bee],
          einodemon_crawler_minivault
Spider:2: layout_chambers, uniq_arachne
Spider:3: layout_spider_delve, ebering_ghost_inner_flame, drop_trap
Spider:4: grunt_spider_rune_island
Orc:1:    layout_caves, basic_altar
Orc:2:    grunt_orc_tribal_feast, layout_diamond_mine, serial_shops, shop,
          basic_altar
Elf:1:    nicolae_elf_arrival_aired_out, layout_loops_corners, minivault_28,
          nicolae_shop_unique_rings, lemuel_flamethrower_3
Elf:2:    nicolae_elf_blades_crystal_corner, layout_gridlike, serial_sigils,
          serial_sigils_hangedman_snap, serial_sigils_hangedman_leer,
          serial_sigils_hangedman_gut, serial_shops, bzr_entry_road, uniq_azrael

Skill      XL: |  1  2  3  4  5  6  7  8  9 10 11 12 13 14 15 16 17 |
---------------+----------------------------------------------------+-----
Axes           | 3 4 5 6 7 9 10 12 13 16 18 20 21 | 21.9
Fighting       | 4 5 6 7 9 10 11 12 13 14 15 16 17 | 17.1
Armour         | 4 5 6 8 9 10 11 12 13 14 15 | 15.8
Shields        | 4 5 7 8 9 10 11 12 13 14 15 | 15.7
Invocations    | 2 6 8 10 12 13 15 | 15.4

Action                   |  1- 3 |  4- 6 |  7- 9 | 10-12 | 13-15 | 16-18 || total
-------------------------+-------+-------+-------+-------+-------+-------++-------
Melee: War axe           |    13 |       |   133 |   538 |    97 |       ||   781
       Dagger            |    55 |   272 |   290 |       |       |       ||   617
       Dire flail        |       |       |       |       |   304 |       ||   304
       Unarmed           |       |       |       |       |     9 |       ||     9
       Battleaxe         |       |       |       |       |   174 |    25 ||   199
       Executioner's axe |       |       |       |       |       |   247 ||   247
       Quick blade       |       |       |       |       |       |    32 ||    32
Throw: Stone             |       |     9 |       |       |       |       ||     9
       Boomerang         |       |       |    35 |     2 |     5 |       ||    42
       Dart              |       |       |     1 |       |       |       ||     1
       Javelin           |       |       |       |       |     2 |       ||     2
Invok: Convert to Beogh  |       |     1 |       |       |       |       ||     1
       Smiting           |       |       |       |     3 |    24 |    10 ||    37
       Recall Orcish Fol |       |       |       |     3 |     5 |     1 ||     9
       Give Item to Name |       |       |       |       |     1 |       ||     1
Evoke: Wand              |       |       |       |     3 |       |       ||     3
       Phantom mirror    |       |       |       |     1 |       |     1 ||     2
  Use: Scroll            |       |     2 |    17 |     8 |    13 |     5 ||    45
       Potion            |       |     5 |     2 |    11 |    10 |     1 ||    29
 Stab: Paralysed         |       |       |       |     6 |       |       ||     6
       Invisible         |       |       |       |     2 |       |       ||     2
       Distracted        |       |       |       |     1 |     2 |       ||     3
       Confused          |       |       |       |     1 |       |       ||     1
Armor: Scale mail        |    15 |   173 |       |       |       |       ||   188
       Skin              |       |    12 |       |       |       |       ||    12
       Chain mail        |       |     7 |    19 |       |       |       ||    26
       Ring mail         |       |       |   203 |   260 |   330 |       ||   793
       Plate armour      |       |       |       |       |    36 |   391 ||   427
Dodge: Dodged            |    30 |   117 |   193 |   201 |   227 |   212 ||   980
Block: Buckler           |    14 |    86 |    85 |       |       |       ||   185
       Kite shield       |       |       |    64 |   351 |    56 |       ||   471
